AoeStats
← EXIL_DRC

Arena

508786431Analyzed
4v4 RM · 8d ago on Sep 24, 2026· 44m 13s· 8 players
Game mode
Random Map
Map size
Large (8 player)
Population
200
Speed
Normal
Resources
Standard
Victory
Conquest
Starting age
Dark Age
Ending age
Imperial Age
RankedLock teamsTeams togetherTeam positionsShared explorationLock speedFull tech treeHidden civsTurbo modeCheats
Victory
Defeat
🇮🇳 Byzantines · India
1052
+16
🇺🇸 Khmer · United States
1040
+16
🇺🇸 Cumans · United States
1039
+16
🇨🇳 Britons · China
990
+18
🇨🇴 Bulgarians · Colombia
1128
-20
🇨🇴 Armenians · Colombia
1091
-19
🇦🇷 Vietnamese · Argentina
990
-14
🇲🇽 Persians · Mexico
950
-13
Homestarr
10:02 Feudal Age
13:03 Castle Age
11:06 Double-Bit Axe
14:04 Horse Collar
20:43 Wheelbarrow
21:27 Bow Saw
23:59 Gold Mining
24:15 Heavy Plow
24:06 Light Cavalry
24:48 Husbandry
28:49 Loom
28:50 Town Watch
29:04 Pikeman
30:02 Scale Mail Armor
30:13 Forging
30:08 Scale Barding Armor
29:56 Fletching
31:20 Fortified Wall
34:24 Imperial Age
32:32 Bloodlines
33:58 Chain Mail Armor
34:19 Iron Casting
35:54 Chain Barding Armor
37:01 Ballistics
37:30 Conscription
38:34 Heavy Scorpion
40:15 Double Crossbow
40:51 Hoardings
40:11 Halberdier
42:45 Hussar
44:36 Caravan
wyrdJ
10:33 Feudal Age
11:46 Double-Bit Axe
16:35 Wheelbarrow
15:54 Fletching
23:43 Castle Age
23:33 Scale Mail Armor
23:48 Pikeman
24:18 Pikeman
25:35 Horse Collar
26:01 Padded Archer Armor
30:19 Forging
30:45 Squires
32:19 Hand Cart
32:43 Bow Saw
36:46 Imperial Age
34:23 Capped Ram
35:22 Chain Mail Armor
36:35 Iron Casting
36:07 Heavy Plow
36:55 Halberdier
38:20 Plate Mail Armor
38:33 Town Watch
38:24 Elite Steppe Lancer
39:00 Gold Mining
41:27 Conscription
41:23 Bloodlines
41:34 Siege Ram
43:41 Blast Furnace
42:48 Scale Barding Armor
42:09 Heavy Cavalry Archer
43:52 Crop Rotation
43:13 Loom
43:58 Parthian Tactics
高兴就好
11:12 Feudal Age
14:55 Castle Age
12:50 Horse Collar
13:59 Double-Bit Axe
14:36 Loom
16:13 Bow Saw
16:04 Heavy Plow
23:14 Wheelbarrow
26:57 Hand Cart
33:47 Imperial Age
31:46 Fletching
32:04 Scale Barding Armor
32:09 Forging
32:02 Gold Mining
32:02 Stone Mining
33:01 Ballistics
32:05 Pikeman
32:45 Squires
32:31 Arson
32:31 Gambesons
33:34 Gold Shaft Mining
33:34 Scale Mail Armor
33:55 Chain Barding Armor
34:38 Stone Shaft Mining
34:38 Chain Mail Armor
34:59 Iron Casting
34:55 Conscription
35:30 Crop Rotation
36:02 Two-Man Saw
36:29 Chemistry
36:20 Plate Barding Armor
36:15 Plate Mail Armor
35:51 Husbandry
36:31 Halberdier
39:05 Logistica
38:16 Elite Cataphract
41:36 Treadmill Crane
44:34 Bodkin Arrow
44:40 Padded Archer Armor
Pay It Forward
0:33 Loom
10:09 Feudal Age
16:18 Castle Age
14:43 Double-Bit Axe
15:29 Horse Collar
16:24 Gold Mining
21:19 Bow Saw
21:34 Fletching
22:33 Ballistics
22:12 Bodkin Arrow
23:47 Padded Archer Armor
26:57 Wheelbarrow
26:49 Leather Archer Armor
28:12 Hand Cart
28:53 Heavy Plow
35:40 Gold Shaft Mining
38:58 Imperial Age
38:24 Yeomen
38:50 Town Watch
39:38 Elite Longbowman
40:39 Conscription
39:47 Capped Ram
40:42 Bracer
41:32 Ring Archer Armor
42:04 Chemistry
EXIL_DRC
7:49 Loom
9:56 Feudal Age
16:43 Castle Age
18:02 Scale Barding Armor
24:08 Forging
27:31 Double-Bit Axe
32:27 Iron Casting
EXILS_POLLO
10:50 Feudal Age
15:28 Castle Age
14:01 Double-Bit Axe
14:09 Horse Collar
14:38 Loom
16:23 Bow Saw
16:22 Heavy Plow
19:27 Pikeman
24:00 Gold Mining
26:08 Wheelbarrow
25:33 Gambesons
25:48 Squires
25:33 Arson
26:12 Squires
26:39 Halberdier
28:18 Forging
28:06 Treadmill Crane
29:16 Gold Shaft Mining
29:28 Scale Mail Armor
30:04 Iron Casting
30:18 Sanctity
30:26 Fletching
32:05 Hand Cart
35:23 Imperial Age
33:55 Ballistics
33:53 Chain Mail Armor
33:39 Padded Archer Armor
33:34 Bodkin Arrow
33:52 Redemption
35:42 Fervor
35:55 Leather Archer Armor
35:46 Town Watch
37:23 Conscription
38:09 Chemistry
37:20 Masonry
37:56 Block Printing
38:08 Illumination
37:27 Elite Composite Bowman
40:20 Blast Furnace
39:50 Plate Mail Armor
39:21 Bracer
39:51 Ring Archer Armor
39:31 Fereters
39:37 Elite Composite Bowman
EXILS_FABIOMAGNO_
10:04 Feudal Age
14:45 Castle Age
14:38 Loom
14:41 Double-Bit Axe
14:42 Horse Collar
20:40 Heavy Plow
23:50 Wheelbarrow
23:01 Town Watch
26:35 Fletching
29:07 Bow Saw
30:02 Hand Cart
34:55 Imperial Age
32:33 Gold Mining
32:33 Stone Mining
Tosqui
1:05 Loom
10:54 Feudal Age
11:54 Double-Bit Axe
15:42 Castle Age
14:17 Scale Mail Armor
30:29 Bow Saw
30:25 Stone Mining
35:30 Gold Mining
35:24 Horse Collar
Connection lost

Rejoining the realm…

Still unreachable

The connection could not be restored.

Session expired

The server has moved on; the page needs a fresh start.